AoeStats
← crissivan33

Arabia

510590295Analyzed
1v1 RM · 11h ago on Oct 1, 2026· 42m 20s· 2 players
Game mode
Random Map
Map size
Tiny (2 player)
Population
200
Speed
Normal
Resources
Standard
Victory
Conquest
Starting age
Dark Age
Ending age
Imperial Age
RankedLock teamsTeams togetherTeam positionsShared explorationLock speedFull tech treeHidden civsTurbo modeCheats
Victory
Defeat
🇨🇴 Lithuanians · Colombia
1181
+15
🇦🇹 Spanish · Austria
1160
-15
Thrun, the Last Troll
7:14 Loom
9:20 Feudal Age
10:11 Double-Bit Axe
13:15 Horse Collar
17:22 Fletching
18:10 Padded Archer Armor
18:24 Scale Mail Armor
24:26 Castle Age
22:33 Stone Mining
23:35 Forging
23:23 Gold Mining
24:51 Scale Barding Armor
25:17 Heavy Plow
25:30 Bow Saw
26:06 Stone Shaft Mining
25:33 Elite Skirmisher
26:13 Bodkin Arrow
28:25 Chain Barding Armor
30:27 Iron Casting
31:39 Fervor
32:06 Wheelbarrow
33:18 Hand Cart
33:07 Town Watch
33:23 Light Cavalry
34:00 Pikeman
37:34 Imperial Age
35:22 Town Patrol
37:01 Chain Mail Armor
38:01 Leather Archer Armor
37:43 Cavalier
39:32 Conscription
40:56 Blast Furnace
40:48 Block Printing
42:54 Plate Mail Armor
crissivan33
6:48 Loom
9:04 Feudal Age
9:53 Double-Bit Axe
15:44 Forging
16:32 Fletching
16:28 Horse Collar
18:45 Padded Archer Armor
23:00 Castle Age
21:31 Gold Mining
22:27 Stone Mining
22:51 Scale Barding Armor
24:11 Bow Saw
23:29 Elite Skirmisher
24:18 Bodkin Arrow
25:45 Chain Barding Armor
27:55 Iron Casting
28:28 Husbandry
29:08 Wheelbarrow
29:15 Bloodlines
30:06 Stone Mining
31:45 Stone Shaft Mining
31:36 Leather Archer Armor
31:31 Town Watch
31:51 Heavy Plow
32:46 Hand Cart
33:06 Thumb Ring
38:15 Imperial Age
36:29 Ballistics
36:45 Devotion
39:57 Chemistry
40:52 Plate Barding Armor
42:17 Bracer
Connection lost

Rejoining the realm…

Still unreachable

The connection could not be restored.

Session expired

The server has moved on; the page needs a fresh start.